 Dungeon Crawl Stone Soup version 0.30-a0-168-g0b976cbdc4 (webtiles) character file.

Game seed: 6575949858275756323

1 LnG the Caller (level 1, -1/10 HPs)
             Began as a Kobold Summoner on Sept 29, 2022.
             Frozen to death by an endoplasm (4 damage)
             ... on level 1 of the Dungeon.
             The game lasted 00:00:14 (125 turns).

LnG the Caller (Kobold Summoner)                     Turns: 125, Time: 00:00:15

Health: -1/10      AC:  2    Str:  5    XL:     1   Next: 22%
Magic:  1/3        EV: 15    Int: 16    God:
Gold:   0          SH:  0    Dex: 15    Spells: 3/4 levels left

rFire   . . .      SeeInvis .    (weapon restricted)
rCold   . . .      Faith    .    (no shield)
rNeg    . . .      Spirit   .    a - +0 robe
rPois   .          Reflect  .    (no helmet)
rElec   .          Harm     .    (no cloak)
rCorr   .          Rampage  .    (no gloves)
Will    .....                    (no boots)
Stlth   +++.......               (no amulet)
HPRegen 0.03/turn                (no ring)
MPRegen 0.08/turn                (no ring)

@: no status effects
A: small, no large weapons, nightstalker 3
a: no special abilities


You were on level 1 of the Dungeon.
You visited 1 branch of the dungeon, and saw 1 of its levels.

Inventory:

Armour
 a - a +0 robe (worn)
Scrolls
 c - a scroll of enchant armour {unknown}
 d - a scroll of enchant weapon {unknown}
Potions
 b - a potion of magic


   Skills:
 + Level 2.4 Dodging
 + Level 2.7 Stealth
 + Level 2.2 Spellcasting
 + Level 4.0 Summonings


You had 3 spell levels left.
You knew the following spells:

 Your Spells              Type           Power      Damage    Failure   Level
a - Summon Small Mammal   Summ           56%        N/A       3%          1

Your spell library contained the following spells:

 Spells                   Type           Power      Damage    Failure   Level
 Call Imp                 Summ           14%        N/A       6%          2
 Call Canine Familiar     Summ           14%        N/A       12%         3
 Summon Guardian Golem    Hex/Summ       8%         N/A       26%         3
 Summon Lightning Spire   Summ/Air       8%         N/A       65%         4


Dungeon Overview and Level Annotations

Branches:
Dungeon (1/15)

Altars:


Innate Abilities, Weirdness & Mutations

You are small and have problems with some larger weapons.
You are completely attuned to the shadows.


Message History

Your bat hits the endoplasm. The hobgoblin hits you.
You hit the hobgoblin but do no damage.
The hobgoblin is lightly wounded.
The hobgoblin completely misses you.
Your bat hits the hobgoblin but does no damage.
You closely miss the hobgoblin.
The hobgoblin is lightly wounded.
Your bat barely misses the hobgoblin.
The hobgoblin hits you but does no damage.
Your bat hits the endoplasm.
The endoplasm hits you but does no damage.
You barely miss the hobgoblin.
The hobgoblin is lightly wounded.
Your bat hits the hobgoblin but does no damage.
The hobgoblin barely misses you. The endoplasm closely misses you.
You closely miss the hobgoblin.
The hobgoblin is lightly wounded.
Your bat hits the hobgoblin but does no damage.
The hobgoblin closely misses you. The endoplasm closely misses you.
You closely miss the hobgoblin.
The hobgoblin is lightly wounded.
Your bat hits the hobgoblin but does no damage.
The hobgoblin closely misses you.
Your bat barely misses the hobgoblin.
The endoplasm barely misses you.
You hit the hobgoblin.
The hobgoblin is moderately wounded.
Your bat barely misses the hobgoblin.
The hobgoblin misses you. The endoplasm misses you.
You barely miss the hobgoblin.
The hobgoblin is moderately wounded.
Your bat completely misses the hobgoblin.
The hobgoblin hits you.
* * * LOW HITPOINT WARNING * * *
The endoplasm misses you.
You closely miss the hobgoblin.
The hobgoblin is moderately wounded.
The hobgoblin barely misses you. The endoplasm freezes you.
You are frozen.
You die...

......# ......#####.
............
.....#..###
.....##...### #......
.....##.#...###......
.....##.###..##.#...#
#######.# ##..#r#gb.#
#.# ##.#.@J..#
#..##...# ##.# ##.#
#.# # ... ####


You could see an endoplasm, a hobgoblin (ally target), a friendly bat (summoned)
and a friendly rat (summoned).

Vanquished Creatures (collateral kills)
  An endoplasm (D:1)
1 creature vanquished.

Notes
Turn   | Place    | Note
-------+----------+-------------------------------------------
     0 | D:1      | LnG the Kobold Summoner began the quest for the Orb.
     0 | D:1      | Reached XP level 1. HP: 10/10 MP: 3/3
   125 | D:1      | Frozen to death by an endoplasm

Illustrated notes

Levels and vault maps discovered:
D:1:      saegor_arrival_simple_b, layout_basic

Action                   || total
-------------------------++-------
Melee: Unarmed           ||    16
 Cast: Summon Small Mamm ||     4
Armor: Robe              ||     3
Dodge: Dodged            ||    18

Table legend: (Time is in decaauts)
 A = Elapsed time spent in this place.
 B = Non-inter-level travel time spent in this place.
 C = Inter-level travel time spent in this place.
 D = Time resting spent in this place.
 E = Time spent auto-exploring this place.
 F = Levels seen in this place.
 G = Mean time per level.
                   A        B        C        D        E       F      G
               +--------+--------+--------+--------+--------+-----+--------+
         Total |    125 |    125 |      0 |      0 |     90 |   1 |  125.0 |
       Dungeon |    125 |    125 |      0 |      0 |     90 |   1 |  125.0 |
               +--------+--------+--------+--------+--------+-----+--------+

Top non-repeatable levels by time:
     D:1: 125 daAuts
